 Dungeon Crawl Stone Soup version 0.30-a0-341-g682706514a (webtiles) character file.

Game seed: 4881242583573029288

123 night the Conjurer (level 4, -5/37 HPs)
             Began as a Demigod Reaver on Nov 2, 2022.
             Slain by a worm (6 damage)
             ... on level 4 of the Dungeon.
             The game lasted 00:07:01 (3820 turns).

night the Conjurer (Demigod Reaver)                 Turns: 3820, Time: 00:07:01

Health: -5/37      AC:  5    Str: 13    XL:     4   Next: 51%
Magic:  8/9        EV: 12    Int: 15    God:
Gold:   240        SH:  0    Dex: 16    Spells: 0/6 levels left

rFire   . . .      SeeInvis .    a - +1 falchion
rCold   . . .      Faith    .    (no shield)
rNeg    . . .      Spirit   .    b - +0 leather armour
rPois   .          Reflect  .    (no helmet)
rElec   .          Harm     .    g - +0 cloak
rCorr   .          Rampage  .    w - +0 pair of gloves
Will    .....                    (no boots)
Stlth   +.........               (no amulet)
HPRegen 0.26/turn                (no ring)
MPRegen 0.11/turn                (no ring)

@: very slow
A: high MP 1, forlorn, divine attributes
a: no special abilities


You were on level 4 of the Dungeon.
You visited 1 branch of the dungeon, and saw 4 of its levels.

You collected 240 gold pieces.

Inventory:

Hand Weapons
 a - a +1 falchion (weapon)
Missiles
 c - 2 boomerangs
 i - 6 poisoned darts
 j - 8 stones
Armour
 b - a +0 leather armour (worn)
 g - a +0 cloak (worn)
 w - a +0 pair of gloves (worn)
Jewellery
 u - an amulet of reflection
Scrolls
 h - a scroll of immolation
 k - a scroll of enchant armour {unknown}
 l - 2 scrolls of noise
 o - 2 scrolls of teleportation {unknown}
 p - a scroll of magic mapping {unknown}
 t - a scroll of identify
 v - a scroll of fear {unknown}
Potions
 d - a potion of invisibility {unknown}
 e - 3 potions of curing
 f - a potion of flight {unknown}
 m - a potion of degeneration {unknown}
 n - a potion of might {unknown}
 q - a potion of brilliance {unknown}
 r - 2 potions of haste {unknown}
 s - a potion of mutation {unknown}
Miscellaneous
 x - a piece from Xom's chessboard (15/15)


   Skills:
 + Level 2.6 Fighting
 + Level 3.4 Long Blades
 + Level 2.6 Dodging
 + Level 1.8 Spellcasting
 + Level 3.4 Conjurations
 + Level 0.1 Ice Magic


You couldn't memorise any spells.
You knew the following spells:

 Your Spells              Type           Power      Damage    Failure   Level
a - Kiss of Death         Conj/Necr      24%        2d7       14%         1
b - Momentum Strike       Conj/Tloc      12%        3d8       22%         2
c - Hailstorm             Conj/Ice       6%         3d4       38%         3

Your spell library contained the following spells:

 Spells                   Type           Power      Damage    Failure   Level
 Freeze                   Ice            4%         1d3       26%         1
 Blink                    Tloc           2%         N/A       41%         2
 Frozen Ramparts          Ice            2%         1d1       63%         3
 Manifold Assault         Tloc           1%         N/A       96%         4
 Storm Form               Tmut/Air       0%         N/A       100%        7


Dungeon Overview and Level Annotations

Branches:
Dungeon (4/15)
 Temple: D:4-7

Shops:
D:4 !

Portals:
Sewer: D:4

Annotations:
D:3 2 runed translucent doors


Innate Abilities, Weirdness & Mutations

You have an increased reservoir of magic. (+10% MP)
You shall have no god before yourself.
Your divine heritage dramatically boosts your attributes as you level up.


Message History

The worm splashes around in the water.
Your unstable footing causes you to fumble your attack.
The worm bites you.
You barely miss the worm. The worm bites you! The worm misses you.
Your unstable footing causes you to fumble your attack.
The worm splashes around in the water.
You slash the worm!
The worm is moderately wounded.
The worm closely misses you.
Casting: Momentum Strike (safe; 22% risk of failure)
Confirm with . or Enter, or press ? or * to list all spells.
Aiming: Momentum Strike (safe; 22% risk of failure)
Press: ? - help, Dir - move target, f - worm
Aim: a worm (moderately wounded, 89% to hit)
The concentrated momentum hits the worm!
The worm dies!
You are unable to move.
You hit the worm but do no damage.
You hear the rapid rusting of a drain.
You hit the worm.
The worm is moderately wounded.
The worm closely misses you.
Your unstable footing causes you to fumble your attack.
The worm splashes around in the water.
Your unstable footing causes you to fumble your attack.
You are no longer robbed of momentum.
Your unstable footing causes you to fumble your attack.
The worm barely misses you.
You hit the worm but do no damage.
The worm is lightly wounded.
The worm bites you!
* * * LOW HITPOINT WARNING * * *
You barely miss the worm.
The worm is lightly wounded.
Your unstable footing causes you to fumble your attack.
The worm bites you!
* * * LOW HITPOINT WARNING * * *
Your unstable footing causes you to fumble your attack.
The worm bites you.
You die...

##.# #.# ##.# #.# ...
~# ##.# #####.# #...
~ ##.###...#.# ..# ~#
##....._...# ...# ~#
#####...#.####..b#~~#
#####.......##~~#
##...####∩~~##
#....~~@w~~~.#
#...~~~~~~~.~#
###~~#####..~# ####
#### ####


You could see a worm.

Vanquished Creatures
  A scorpion (D:2)
  Jessica (D:2)
  An iguana (D:4)
  An adder (D:4)
  A worm (D:3)
  3 dart slugs
  5 orcs (D:3)
  3 ball pythons
  3 endoplasms
  3 giant cockroaches
  3 goblins
  8 hobgoblins
  3 jackals (D:3)
  7 kobolds
  2 quokkas (D:2)
  8 bats
  7 frilled lizards
  6 rats
66 creatures vanquished.

Vanquished Creatures (others)
  2 adders (D:3)
  A worm (D:4)
  An orc (D:3)
  An endoplasm (D:1)
  A hobgoblin (D:3)
  A ball python (D:3)
  A frilled lizard (D:3)
8 creatures vanquished.

Grand Total: 74 creatures vanquished

Notes
Turn   | Place    | Note
-------+----------+-------------------------------------------
     0 | D:1      | night the Demigod Reaver began the quest for the Orb.
     0 | D:1      | Reached XP level 1. HP: 17/17 MP: 5/5
    72 | D:1      | Reached skill level 2 in Fighting
   271 | D:1      | Reached XP level 2. HP: 24/24 MP: 7/7
   473 | D:1      | Reached skill level 2 in Dodging
   522 | D:1      | Learned a level 2 spell: Momentum Strike
   945 | D:2      | Noticed Jessica
   956 | D:2      | Killed Jessica
  1032 | D:2      | Noticed a scorpion
  1045 | D:2      | Killed a scorpion
  1046 | D:2      | Reached XP level 3. HP: 16/29 MP: 2/8
  2358 | D:3      | Reached XP level 4. HP: 17/37 MP: 9/9
  3222 | D:3      | Found a large runed translucent door.
  3222 | D:3      | Found a large runed translucent door.
  3379 | D:4      | Learned a level 3 spell: Hailstorm
  3523 | D:4      | Found Gaoxin's Distillery.
  3790 | D:4      | Found a glowing drain.
  3819 | D:4      | HP: 1/37 [worm (10)]
  3820 | D:4      | Slain by a worm

Illustrated notes

Levels and vault maps discovered:
D:1:      dpeg_arrival_lava_altar, layout_loops_ring, grunt_decor_fettered,
          minmay_tromino_i2
D:2:      layout_basic, hellmonk_ecumenical_altar_leap_of_faith, basic_altar,
          uniq_jessica
D:3:      due_chaos_kobolds, layout_loops_corners,
          gammafunk_temple_overflow_claw, kennysheep_decorative_pillar
D:4:      layout_loops_ring, mainiacjoe_overflow_divided_tiny, xom_butterflies,
          serial_shops, nicolae_take_the_stairs, cheibrodos_sewer_entry_bend,
          uniq_grinder

Skill      XL: |  1  2 |
---------------+-------+-----
Fighting       | 2 |  2.6
Dodging        | 2 |  2.6
Conjurations   | 3 |  3.4
Long Blades    | 3 |  3.4
Spellcasting   | |  1.8
Ice Magic      | |  0.1

Action                   |  1- 3 |  4- 6 || total
-------------------------+-------+-------++-------
Melee: Falchion          |   161 |    61 ||   222
       Punch             |     1 |     1 ||     2
Throw: Dart              |       |     2 ||     2
 Cast: Momentum Strike   |     7 |    15 ||    22
  Use: Scroll            |     3 |       ||     3
       Potion            |       |     1 ||     1
 Stab: Sleeping          |     2 |       ||     2
Armor: Leather armour    |    44 |    11 ||    55
Dodge: Dodged            |   103 |    35 ||   138

Table legend: (Time is in decaauts)
 A = Elapsed time spent in this place.
 B = Non-inter-level travel time spent in this place.
 C = Inter-level travel time spent in this place.
 D = Time resting spent in this place.
 E = Time spent auto-exploring this place.
 F = Levels seen in this place.
 G = Mean time per level.
                   A        B        C        D        E       F      G
               +--------+--------+--------+--------+--------+-----+--------+
         Total |   3853 |   3744 |    109 |    159 |   2952 |   4 |  963.2 |
       Dungeon |   3853 |   3744 |    109 |    159 |   2952 |   4 |  963.2 |
               +--------+--------+--------+--------+--------+-----+--------+

Top non-repeatable levels by time:
     D:3: 1317 daAuts
     D:2: 1070 daAuts
     D:1: 950 daAuts
     D:4: 514 daAuts
